 Dungeon Crawl Stone Soup version 0.27.1-33-g824d729ab1 (webtiles) character file.

Game seed: 18254055374905473745

15 walnutcon the Chucker (level 2, 0/31 HPs)
             Began as an Ogre Hunter on Dec 15, 2021.
             Slain by a ball python (3 damage)
             ... on level 2 of the Dungeon.
             The game lasted 00:03:39 (348 turns).

walnutcon the Chucker (Ogre Hunter)                  Turns: 348, Time: 00:03:43

Health: 0/31       AC:  3    Str: 15    XL:     2   Next: 50%
Magic:  2/2        EV:  9    Int: 12    God:
Gold:   25         SH:  0    Dex:  9    Spells: 1/1 levels left

rFire    . . .     SeeInvis .   a - +0 short sword
rCold    . . .     Faith    .   (no shield)
rNeg     . . .     Spirit   .   b - +0 robe
rPois    .         Reflect  .   (helmet restricted)
rElec    .         Harm     .   (no cloak)
rCorr    .         Rampage  .   (gloves unavailable)
Will     .....                  (boots unavailable)
Stlth    +.........             (no amulet)
HPRegen  0.10/turn              (no ring)
MPRegen  0.08/turn              (no ring)

@: no status effects
A: large, unfitting armour, tough skin 1
a: no special abilities


You were on level 2 of the Dungeon.
You visited 1 branch of the dungeon, and saw 2 of its levels.

You collected 25 gold pieces.

Inventory:

Hand Weapons
 a - a +0 short sword (weapon)
Missiles
 c - a large rock (quivered)
 e - 25 stones
Armour
 b - a +0 robe (worn)


   Skills:
 + Level 3.2 Fighting
 * Level 4.4 Throwing
 - Level 1.7 Dodging
 - Level 0.6 Stealth


You had one spell level left.
You didn't know any spells.
Your spell library was empty.

Dungeon Overview and Level Annotations

Branches:
Dungeon (2/15)

Altars:


Innate Abilities, Weirdness & Mutations

You are too large for most types of armour.
You have tough skin. (AC +1)


Message History

You throw a throwing net.
The throwing net barely misses the kobold.
The ball python bites you but does no damage.
The quokka barely misses you. The kobold hits you but does no damage.
Throw: throwing net
Press: ? - help, Q - select action, (/) - cycle Shift-Dir - straight line, f/p - kobold
Aim: a kobold, wielding a +0 dagger (50% to hit)
Okay, then.
The quokka bites you. The kobold barely misses you.
The ball python barely misses you.
Found an escape hatch in the floor.
The kobold barely misses you. The quokka bites you.
Found a robe.
The quokka closely misses you.
You see here 2 large rocks.
c - 2 large rocks The quokka bites you.
* * * LOW HITPOINT WARNING * * *
The ball python closely misses you.
Throw: throwing net
Press: ? - help, Q - select action, (/) - cycle Shift-Dir - straight line, p - kobold
Okay, then.
Throw: throwing net
Press: ? - help, Q - select action, (/) - cycle Shift-Dir - straight line, p - kobold You throw a throwing net.
The quokka bites you.
* * * LOW HITPOINT WARNING * * *
Throw: 2 large rocks
Press: ? - help, Q - select action, (/) - cycle Shift-Dir - straight line, f - quokka
Aim: a quokka (46% to hit)
You throw a large rock.
The large rock closely misses the quokka.
The large rock hits the kobold!!
You kill the kobold!
The ball python bites you.
* * * LOW HITPOINT WARNING * * *
The quokka bites you.
* * * LOW HITPOINT WARNING * * *
The ball python bites you.
You die...

###...##..#.#......
#....##.....###..
#>....###........
##...#[...(#####..
#....#...(##
#..#$...##(#####
........(.......
.......Sr.###..
........@.# ...
####...#### .> #...
. ..... ###.[. #...
#.


You could see a quokka and a ball python.

Vanquished Creatures
  An adder (D:2)
  2 bats
  A giant cockroach (D:2)
  2 kobolds
  A frilled lizard (D:2)
  A rat (D:2)
8 creatures vanquished.

Notes
Turn   | Place    | Note
-------+----------+-------------------------------------------
     0 | D:1      | walnutcon the Ogre Hunter began the quest for the Orb.
     0 | D:1      | Reached XP level 1. HP: 22/22 MP: 1/1
   282 | D:2      | Reached XP level 2. HP: 31/31 MP: 2/2
   348 | D:2      | Slain by a ball python

Illustrated notes

Levels and vault maps discovered:
D:1:      dpeg_arrival_castle, layout_basic, basic_ecumenical_altar,
          serial_park_tiny_pond
D:2:      layout_rooms, basic_altar, minmay_unequal

Skill      XL: |  1 |
---------------+----+-----
Fighting       | 3 |  3.2
Throwing       | |  4.4
Dodging        | |  1.7
Stealth        | |  0.6

Action                   || total
-------------------------++-------
Melee: Short sword       ||     7
Throw: Large rock        ||    13
       Throwing net      ||     2
Armor: Robe              ||    11
Dodge: Dodged            ||    26
